 Dungeon Crawl Stone Soup version 0.31-a0-472-g43a2ca8e1b (webtiles) character file.

Game seed: 11238522258999293054

10207 Ethylacetat the Mimic (level 11, -14/80 HPs)
             Began as an Octopode Shapeshifter on Aug 6, 2023.
             Was an Initiate of Gozag.
             Killed from afar by Azrael (21 damage)
             ... with a fireball
             ... on level 2 of the Orcish Mines.
             The game lasted 00:18:09 (7893 turns).

Ethylacetat the Mimic (Octopode Shapeshifter)       Turns: 7893, Time: 00:18:10

Health: -14/80     AC:  1    Str: 18    XL:     11   Next: 58%
Magic:  11/11      EV: 13    Int: 11    God:    Gozag
Gold:   2338       SH:  0    Dex: 20    Spells: 10/10 levels left

rFire   . . .        y - +8 sling of the Hammering Sybil {freeze, Str+3 Dex+4 SInv}
rCold   . . .        (no shield)
rNeg    . . .        (helmet currently unavailable)
rPois   +            g - amulet of regeneration
rElec   +            j - ring "Meishukla" {rElec rPois SInv Stlth-}
rCorr   .            (no ring)
SInv    +            (no ring)
Will    .....        (no ring)
Stlth   ++           (no ring)
HPRegen 1.13/turn    (no ring)
MPRegen 0.12/turn    (no ring)
                     (no ring)

%: no passive effects
@: beast-form, gold aura
A: beast (slay +7), almost no armour, amphibious, 8 rings, camouflage 1,
gelatinous body 1, (nimble swimmer 1), tentacles
a: Begin Untransformation, Renounce Religion, Potion Petition, Call Merchant,
Bribe Branch


You were on level 2 of the Orcish Mines.
You worshipped Gozag.
Gozag was most pleased with you.
You were a hulking beast.
You visited 3 branches of the dungeon, and saw 12 of its levels.
You also visited: Bailey and Volcano.

You collected 2373 gold pieces.
You paid 35 gold pieces to Gozag.

Inventory:

Hand Weapons
 h - the +10 hand axe of Success {spect, Stlth+}
   (You found it on level 9 of the Dungeon)

   Stlth:     It makes you more stealthy.
 y - the +8 sling of the Hammering Sybil (weapon) {freeze, Str+3 Dex+4 SInv}
   (You found it on level 7 of the Dungeon)

   Str:       It affects your strength (+3).
   Dex:       It affects your dexterity (+4).
   SInv:      It lets you see invisible.
Jewellery
 g - an amulet of regeneration (around mantle)
 j - the ring "Meishukla" (left tentacle) {rElec rPois SInv Stlth-}
   (You found it on level 2 of the Dungeon)

   [ring of poison resistance]

   rElec:     It insulates you from electricity.
   rPois:     It protects you from poison.
   SInv:      It lets you see invisible.
   Stlth:     It makes you less stealthy.
Talismans
 o - a serpent talisman
 D - a beast talisman (active)
Wands
 b - a wand of polymorph (5)
 u - a wand of paralysis (7)
 x - a wand of flame (20)
 B - a wand of mindburst (13)
Scrolls
 c - 4 scrolls of identify
 d - 3 scrolls of amnesia
 i - 3 scrolls of teleportation
 l - 2 scrolls of blinking
 r - 4 scrolls of fear
 t - a scroll of poison
 w - a scroll of torment {unknown}
 C - a scroll of vulnerability {unknown}
 E - a scroll of silence {unknown}
 F - a scroll of enchant armour {unknown}
 G - 4 scrolls of enchant weapon
Potions
 a - 2 potions of lignification
 e - 3 potions of haste
 f - 4 potions of mutation {unknown}
 k - a potion of berserk rage {unknown}
 m - 4 potions of enlightenment
 n - 2 potions of curing {unknown}
 p - 2 potions of magic {unknown}
 q - a potion of heal wounds {unknown}
 s - a potion of brilliance {unknown}
 v - 2 potions of attraction {unknown}
 z - a potion of invisibility {unknown}
 A - a potion of ambrosia {unknown}
 H - a potion of might {unknown}


   Skills:
 + Level 9.1 Fighting
 + Level 6.3 Ranged Weapons
 - Level 2.0 Dodging
 - Level 7.0 Unarmed Combat
 * Level 11.1 Shapeshifting


You had 10 spell levels left.
You didn't know any spells.
Your spell library contained the following spells:

 Spells                   Type           Power      Damage    Failure   Level
 Freeze                   Ice            0%         1d3       34%         1
 Magic Dart               Conj           0%         1d3       34%         1
 Slow                     Hex            0%         N/A       34%         1
 Blink                    Tloc           0%         N/A       47%         2
 Call Imp                 Summ           0%         N/A       47%         2
 Cigotuvi's Dreadful Rot  Necr/Pois/Air  0%         N/A       47%         2
 Ensorcelled Hibernation  Hex/Ice        0%         N/A       47%         2
 Lesser Beckoning         Tloc           0%         N/A       47%         2
 Confusing Touch          Hex            0%         N/A       71%         3
 Frozen Ramparts          Ice            0%         1d1       71%         3
 Gell's Gravitas          Tloc           0%         N/A       71%         3
 Hailstorm                Conj/Ice       0%         3d3       71%         3
 Mephitic Cloud           Conj/Pois/Air  0%         N/A       71%         3
 Teleport Other           Tloc           0%         N/A       71%         3
 Vampiric Draining        Necr           0%         2d6       71%         3
 Anguish                  Hex/Necr       0%         N/A       98%         4
 Cause Fear               Hex            0%         N/A       98%         4
 Dispel Undead            Necr           0%         3d6       98%         4
 Manifold Assault         Tloc           0%         N/A       98%         4
 Summon Ice Beast         Ice/Summ       0%         N/A       98%         4
 Death Channel            Necr           0%         N/A       100%        6
 Enfeeble                 Hex            0%         N/A       100%        7
 Simulacrum               Ice/Necr       Unusable   N/A       N/A         6

Dungeon Overview and Level Annotations

Branches:
Dungeon (9/15)             Temple (1/1) D:4            Lair (0/5) D:8
    Orc (2/2) D:9          Bailey (visited)         Volcano (visited)
    Elf: Orc:2

Altars:
Ashenzari
Cheibriados
Dithmenos
Elyvilon
Fedhas
Gozag
Hepliaklqana
Kikubaaqudgha
Makhleb
Nemelex Xobeh
Qazlal
Ru
Sif Muna
Trog
Uskayaw
Vehumet
Wu Jian
Xom
Yredelemnul
Zin

Shops:
D:4 [   Orc:1 (

Annotations:
Orc:2 Azrael


Innate Abilities, Weirdness & Mutations

You are a hulking beast.
Your limbs bulge with bestial killing power. (Slay +7)
You cannot wear most types of armour.
You are amphibious.
You can wear up to eight rings at the same time.
Your skin changes colour to match your surroundings (Stealth+).
Your rubbery body absorbs attacks. (AC +1, EV +1)
((You are camouflaged when in or above water. (Stealth+)))
You have tentacles for arms and can constrict up to eight enemies at once.


Message History

There is a stone staircase leading down here.
You climb downwards.
Level annotation: Azrael The hell hound misses you.
There is a stone staircase leading up, spattered with blood here.
You slash the hell hound! You grab the hell hound.
The hell hound is heavily wounded.
Your +10 hand axe of Success {spect, Stlth+} hits the hell hound!
You constrict the hell hound, but do no damage.
The hell hound closely misses you. The hell hound barely misses you.
You hit the hell hound.
You kill the hell hound!
Your +10 hand axe of Success {spect, Stlth+} disappears.
You see here 29 gold pieces.
There is a stone staircase leading up, spattered with blood here.
You feel stronger.
You feel agile.
The +8 sling of the Hammering Sybil {freeze, Str+3 Dex+4 SInv} is covered in frost.
y - the +8 sling of the Hammering Sybil (weapon)
{freeze, Str+3 Dex+4 SInv} Fire: y) +8 sling of the Hammering Sybil {freeze, Str+3 Dex+4 SInv}
Press: ? - help, Q - select action, (/) - cycle Shift-Dir - straight line, f - Azrael
Aim: Azrael, wielding a +4 scimitar of flaming (87% to hit)
You shoot a sling bullet. The sling bullet hits Azrael.
The sling bullet freezes Azrael.
Azrael is lightly wounded.
Azrael gestures at you.
The fireball explodes!
The fireball engulfs you!!
Fire: y) +8 sling of the Hammering Sybil {freeze, Str+3 Dex+4 SInv}
Press: ? - help, Q - select action, (/) - cycle Shift-Dir - straight line, f/p - Azrael
Aim: Azrael, wielding a +4 scimitar of flaming (lightly wounded, 87% to hit)
You shoot a sling bullet. The sling bullet hits Azrael.
The sling bullet freezes Azrael.
Azrael is lightly wounded.
Azrael gestures at you.
The fireball explodes!
The fireball engulfs you!!!
Ouch! That really hurt!
* * * LOW HITPOINT WARNING * * *
Azrael gestures at you.
The fireball explodes!
The fireball engulfs you!!
You die...
Your body crumbles into a pile of gold.

.○..##..#
##.°...#..#
##$#○.......
#...R.....
##........ $
..#.......##...
...............
.......$#
......#h# .....
### .#.. $ #..
.. #


You could see Azrael.

Vanquished Creatures
  Pikel (D:7)
  3 orc knights
  2 orc sorcerers
  An ugly thing (Volcano)
  A smoke demon (Volcano)
  A komodo dragon (D:8)
  A troll (Orc:1)
  2 red devils (Volcano)
  A hornet (D:9)
  Sigmund (D:2)
  3 yaks
  A fire elemental (Orc:2)
  Eustachio (D:6)
  A steam dragon (D:9)
  2 wargs (Orc:1)
  An acid dragon (D:8)
  2 water moccasins
  Duvessa (D:6)
  3 hell hounds
  2 sky beasts
  10 orc warriors
  An ice beast (D:8)
  3 black bears
  An ogre (Orc:1)
  3 centaurs
  A lemure (D:7)
  3 bullfrogs
  Blork the orc (D:6)
  7 wights
  Dowan (D:6)
  9 killer bees
  5 howler monkeys (D:9)
  3 hounds
  A gnoll bouda (D:8)
  7 orc priests
  4 iguanas
  Terence (D:2)
  5 orc wizards
  8 gnolls
  7 adders
  A shadow imp (D:8)
  2 white imps (D:7)
  A worm (D:2)
  2 dart slugs (D:1)
  35 orcs
  4 bats
  4 endoplasms
  2 giant cockroaches
  10 goblins
  8 hobgoblins
  3 jackals (D:3)
  14 kobolds
  3 quokkas
  2 ball pythons (D:2)
  A frilled lizard (D:2)
204 creatures vanquished.

Notes
Turn   | Place    | Note
-------+----------+-------------------------------------------
     0 | D:1      | Ethylacetat the Octopode Shapeshifter began the quest for
                  | the Orb.
     0 | D:1      | Reached XP level 1. HP: 13/13 MP: 1/1
   126 | D:1      | Reached XP level 2. HP: 16/18 MP: 2/2
   429 | D:1      | Found a faded altar of an unknown god.
   737 | D:2      | Reached XP level 3. HP: 23/23 MP: 3/3
   753 | D:2      | Identified the ring "Meishukla" {rElec rPois SInv Stlth-}
   912 | D:2      | Noticed Sigmund
   922 | D:2      | Killed Sigmund
   923 | D:2      | Reached skill level 4 in Shapeshifting
   923 | D:2      | Reached XP level 4. HP: 23/30 MP: 4/4
   923 | D:2      | Reached XP level 5. HP: 28/36 MP: 5/5
   945 | D:2      | Reached XP level 6. HP: 41/41 MP: 6/6
   963 | D:2      | Noticed Terence
   973 | D:2      | Killed Terence
  1100 | D:2      | Found a basalt altar of Yredelemnul.
  1361 | D:3      | Found a glowing silver altar of Zin.
  1527 | D:3      | You fall into a shaft and drop 1 floor!
  1608 | D:4      | Found a staircase to the Ecumenical Temple.
  1623 | Temple   | Entered the Ecumenical Temple
  1632 | Temple   | Became a worshipper of Gozag Ym Sagoz the Greedy
  1769 | D:4      | Found Kuuz's Armour Emporium.
  1816 | D:5      | Entered Level 5 of the Dungeon
  1868 | D:5      | Noticed a water moccasin
  1875 | D:5      | Killed a water moccasin
  1876 | D:5      | Reached skill level 5 in Shapeshifting
  1952 | D:5      | Reached XP level 7. HP: 28/46 MP: 7/7
  2473 | D:6      | Reached skill level 5 in Unarmed Combat
  2715 | D:6      | Noticed Blork the orc
  2721 | D:6      | Killed Blork the orc
  2722 | D:6      | Reached XP level 8. HP: 25/54 MP: 8/8
  2840 | D:6      | Reached skill level 6 in Shapeshifting
  2932 | D:6      | Noticed Dowan
  2933 | D:6      | Noticed Duvessa
  2944 | D:6      | Killed Duvessa
  2949 | D:6      | Killed Dowan
  3126 | D:6      | Noticed Eustachio
  3135 | D:6      | Killed Eustachio
  3356 | D:7      | Noticed Pikel
  3373 | D:7      | Killed Pikel
  3374 | D:7      | Reached skill level 5 in Fighting
  3374 | D:7      | Reached skill level 7 in Shapeshifting
  3374 | D:7      | Reached XP level 9. HP: 16/61 MP: 9/9
  3736 | D:7      | Identified the +8 sling of the Hammering Sybil {freeze,
                  | Str+3 Dex+4 SInv}
  3833 | D:7      | Found a burning altar of Makhleb.
  3839 | D:7      | Reached skill level 8 in Shapeshifting
  5215 | D:8      | Found a basalt altar of Yredelemnul.
  5220 | D:8      | Reached skill level 1 in Ranged Weapons
  5329 | D:8      | Found a staircase to the Lair.
  5512 | D:8      | Reached XP level 10. HP: 69/69 MP: 10/10
  5610 | D:8      | Reached skill level 9 in Shapeshifting
  5982 | D:9      | Found a flagged portal.
  5989 | D:9      | Identified the +10 hand axe of Success {spect, Stlth+}
  5993 | Bailey   | Entered a bailey
  6069 | Bailey   | Noticed an orc knight
  6105 | Bailey   | Noticed an orc knight
  6140 | Bailey   | Killed an orc knight
  6148 | Bailey   | Killed an orc knight
  6427 | D:9      | Reached skill level 10 in Shapeshifting
  6720 | D:9      | Reached skill level 5 in Ranged Weapons
  6720 | D:9      | Reached XP level 11. HP: 73/77 MP: 11/11
  6783 | D:9      | Found a staircase to the Orcish Mines.
  6959 | D:9      | Found a white marble altar of Elyvilon.
  7251 | Orc:1    | Entered Level 1 of the Orcish Mines
  7299 | Orc:1    | Found a bloodstained altar of Trog.
  7372 | Orc:1    | Noticed an orc knight
  7377 | Orc:1    | Noticed an orc sorcerer
  7378 | Orc:1    | Killed an orc knight
  7384 | Orc:1    | Paralysed by an orc sorcerer for 4 turns
  7389 | Orc:1    | Killed an orc sorcerer
  7399 | Orc:1    | Found Ule Rurr's Weapon Shop.
  7516 | Orc:1    | Found a dark tunnel.
  7524 | Volcano  | Entered a volcano
  7543 | Volcano  | Noticed an orc sorcerer
  7550 | Volcano  | Killed an orc sorcerer
  7683 | Volcano  | Noticed a red ugly thing
  7709 | Volcano  | Killed a red ugly thing
  7710 | Volcano  | Reached skill level 11 in Shapeshifting
  7775 | Volcano  | Identified the +7 shortbow "Dragon's Tongue" {antimagic,
                  | rElec rC- Will++ SInv}
  7868 | Orc:2    | Entered Level 2 of the Orcish Mines
  7872 | Orc:2    | Noticed Azrael
  7893 | Orc:2    | Killed from afar by Azrael

Illustrated notes

Levels and vault maps discovered:
D:1:      saegor_arrival_simple_b, layout_loops_ring,
          dilly_ecumenical_altar_fadedgnrine
D:2:      layout_rooms, basic_altar, minmay_tall_x, uniq_sigmund, uniq_terence
D:3:      layout_basic, mainiacjoe_overflow_concentric_impassable,
          mainiacjoe_overflow_chevrons
D:4:      layout_basic, minmay_temple_entry_drinking_statues, serial_shops,
          kennysheep_little_box
D:5:      layout_cave_pools, nicolae_concentric_dashed_squares_mild
D:6:      layout_basic, uniq_eustachio, uniq_duvessa, uniq_blork_the_orc
D:7:      layout_layer_cave, makhleb_heckhound_becter, uniq_pikel
D:8:      layout_loops_ring, nicolae_overflow_hidden_temple,
          david_lair_shrubbed, eino_tiny_chamber
D:9:      layout_loops_ring, elyvilon_altar_1, enter_bailey_2, hex_medium,
          roderic_lattice_a
Temple:   eino_temple_scatter_basement
Orc:1:    layout_caves, basic_altar, serial_shops,
          nicolae_shop_pleasant_corner_grove, enter_volcano_2
Orc:2:    st_orc_open, layout_diamond_mine, uniq_azrael

Skill      XL: |  1  2  3  4  5  6  7  8  9 10 11 |
---------------+----------------------------------+-----
Fighting       | 2 3 4 5 6 8 9 |  9.1
Unarmed Combat | 4 5 6 7 |  7.0
Shapeshifting  | 4 5 7 8 10 11 | 11.1
Ranged Weapons | 2 5 6 |  6.3
Dodging        | |  2.0

Action                     |  1- 3 |  4- 6 |  7- 9 | 10-12 || total
---------------------------+-------+-------+-------+-------++-------
  Melee: Unarmed           |    60 |    62 |   146 |       ||   268
         Constrict         |    11 |    14 |    30 |    12 ||    67
         Punch             |     1 |       |       |     1 ||     2
         Tentacles         |     5 |     4 |       |     5 ||    14
         Hand axe          |       |       |       |    34 ||    34
   Fire: Sling             |       |       |    67 |   220 ||   287
  Evoke: Wand              |       |       |     4 |       ||     4
    Use: Potion            |       |       |     1 |       ||     1
         Scroll            |       |       |       |     9 ||     9
   Stab: Sleeping          |     6 |       |       |       ||     6
         Distracted        |       |       |     1 |     1 ||     2
 Armour: Skin              |     3 |    20 |    68 |     1 ||    92
  Dodge: Dodged            |    32 |    32 |    97 |    39 ||   200
   Form: Anaconda          |       |     1 |       |       ||     1
                           |       |       |     1 |       ||     1
         Beast             |       |       |     1 |       ||     1

Table legend: (Time is in decaauts)
 A = Elapsed time spent in this place.
 B = Non-inter-level travel time spent in this place.
 C = Inter-level travel time spent in this place.
 D = Time resting spent in this place.
 E = Time spent auto-exploring this place.
 F = Levels seen in this place.
 G = Mean time per level.
                   A        B        C        D        E       F      G
               +--------+--------+--------+--------+--------+-----+--------+
         Total |   7927 |   7340 |    587 |    141 |   5673 |  14 |  566.2 |
       Dungeon |   6896 |   6331 |    565 |     81 |   5252 |   9 |  766.2 |
        Temple |     21 |     13 |      8 |      0 |      0 |   1 |   21.0 |
  Orcish Mines |    378 |    364 |     14 |      2 |    154 |   2 |  189.0 |
        Bailey |    359 |    359 |      0 |      0 |    190 |   1 |  359.0 |
       Volcano |    271 |    271 |      0 |     58 |     77 |   1 |  271.0 |
               +--------+--------+--------+--------+--------+-----+--------+

Top non-repeatable levels by time:
     D:7: 1192 daAuts
     D:6: 1012 daAuts
     D:9: 1002 daAuts
     D:8: 847 daAuts
     D:1: 782 daAuts
     D:4: 591 daAuts
     D:5: 563 daAuts
     D:2: 514 daAuts
     D:3: 390 daAuts
   Orc:1: 363 daAuts
  Bailey: 359 daAuts
 Volcano: 271 daAuts
  Temple: 21 daAuts
   Orc:2: 15 daAuts
